Map: Ever Dream LE

Players

Geralt (Gerald)

  • Race: Protoss Protoss
  • League: Grandmaster
  • Spawn Location: 1:00

AGOElazer (Elazer) - Winner!

  • Race: Zerg Zerg
  • League: Master
  • Spawn Location: 7:00

Event: DreamHack SC2 Masters 2020 Fall

VOD

Have the link to the VOD?

Description

Time

  • Played on: Sept. 10, 2020, 12:50 p.m.
  • Length: 15:05

All games in this series

Show
View Real Time Build Order
Export as new Build Order

Geralt Protoss 

Build Orders: 1 Gate Expand, Zealot Archon, Archon Drop, Dark Templar Rush 

Get SALT Encoding   

  12  0:00  Probe  
  13  0:13  Probe  
  14  0:18  Pylon  
  14  0:25  Probe (Chrono Boost)  
  14  0:27  Assimilator  
  15  0:37  Probe (Chrono Boost)  
  15  0:42  Gateway  
  16  0:46  Probe (Chrono Boost)  
  17  0:53  Probe  
  18  1:05  Probe  
  19  1:17  Probe  
  20  1:23  Nexus  
  20  1:33  Cybernetics Core  
  20  1:37  Probe  
  21  1:44  Assimilator  
  21  1:49  Probe  
  21  1:53  Pylon  
  22  2:01  Probe  
  23  2:12  Twilight Council  
  23  2:13  Stalker (Chrono Boost), Probe  
  26  2:25  Probe  
  26  2:28  Warp Gate  
  27  2:33  Adept (Chrono Boost)  
  27  2:35  Probe  
  30  2:37  Probe  
  31  2:46  Robotics Facility  
  31  2:47  Probe  
  31  2:50  Probe  
  33  2:59  Probe  
  33  3:02  Probe  
  35  3:11  Dark Shrine, Probe  
  36  3:14  Probe  
  37  3:20  Gateway  
  37  3:22  Adept  
  37  3:24  Probe  
  37  3:26  Probe  
  41  3:36  Probe  
  41  3:39  Gateway  
  42  3:44  Probe  
  42  3:45  Gateway  
  41  3:48  Warp Prism (Chrono Boost)  
  41  3:49  Probe  
  41  3:55  Pylon  
  44  3:57  Assimilator  
  44  3:58  Probe  
  44  4:01  Assimilator  
  44  4:02  Probe  
  46  4:08  Pylon  
  46  4:23  Probe x2  
  48  4:31  Pylon  
  48  4:35  Probe  
  49  4:39  Dark Templar x2  
  49  4:40  Dark Templar x2  
  49  4:41  Probe  
  58  4:47  Forge, Probe  
  59  4:54  Probe  
  59  4:59  Gateway  
  55  5:06  Probe  
  54  5:07  Probe  
  54  5:10  Gateway  
  54  5:12  Dark Templar, Stalker  
  59  5:14  Gateway  
  59  5:15  Dark Templar  
  61  5:26  Protoss Ground Weapons Level 1 (Chrono Boost)  
  61  5:33  Pylon  
  61  5:35  Nexus  
  61  5:36  Dark Templar  
  61  5:37  Probe x2  
  61  5:41  Archon  
  65  5:46  Blink  
  65  5:49  Probe  
  67  5:50  Probe  
  67  5:58  Archon  
  67  5:59  Archon  
  67  6:01  Probe  
  67  6:02  Pylon, Stalker x3, Probe  
  75  6:11  Robotics Bay  
  75  6:13  Probe  
  75  6:14  Probe  
  75  6:17  Shield Battery  
  77  6:21  Pylon  
  77  6:25  Probe  
  77  6:26  Probe  
  77  6:31  Observer (Chrono Boost)  
  80  6:37  Probe  
  80  6:38  Probe  
  82  6:48  Probe  
  82  6:50  Probe x2  
  85  6:55  Stalker x2  
  85  6:58  Gateway  
  85  6:59  Gateway  
  85  7:00  Probe  
  85  7:01  Gateway  
  90  7:02  Probe x2  
  90  7:04  Assimilator  
  90  7:06  Extended Thermal Lance  
  94  7:15  Assimilator  
  94  7:16  Stalker, Colossus (Chrono Boost)  
  94  7:17  Stalker x3  
  106  7:41  Robotics Facility  
  106  7:43  Probe  
  106  7:44  Probe  
  108  7:47  Pylon  
  108  7:59  Pylon  
  108  8:00  Pylon  
  108  8:02  Pylon  
  108  8:04  Disruptor (Chrono Boost)  
  111  8:08  Stalker x3  
  111  8:10  Nexus  
  111  8:12  Pylon  
  117  8:17  Protoss Ground Weapons Level 2 (Chrono Boost), Probe  
  117  8:19  Photon Cannon  
  118  8:20  Shield Battery  
  118  8:21  Pylon  
  118  8:28  Colossus (Chrono Boost)  
  118  8:30  Nexus  
  118  8:31  Pylon  
  124  8:35  Stalker x3  
  124  8:37  Disruptor (Chrono Boost)  
  124  8:41  Shield Battery, Pylon  
  133  8:49  Templar Archives  
  133  8:52  Stalker x3  
  139  9:05  Colossus  
  139  9:07  Probe  
  139  9:08  Probe  
  147  9:23  Stalker x6  
  119  9:40  Stalker x3  
  107  9:47  Stalker x2  
  105  9:55  Probe x2  
  105  9:56  Stalker x4  
  105  9:58  Probe  
  105  9:59  Probe  
  117  10:05  Photon Cannon  
  117  10:08  Shield Battery, Colossus (Chrono Boost)  
  117  10:11  Disruptor  
  126  10:20  Stalker x2  
  126  10:21  Stalker  
  104  10:38  Stalker  
  104  10:39  Stalker x4  
  112  10:44  Disruptor (Chrono Boost)  
  113  10:54  Nexus  
  81  11:14  Stalker x7  
  81  11:16  Disruptor (Chrono Boost)  
  96  11:22  Nexus  
  96  11:25  Disruptor (Chrono Boost)  
  96  11:31  Probe  
  100  11:35  Probe  
  100  11:39  Psionic Storm, Probe  
  102  11:43  Probe  
  109  11:47  Probe  
  109  11:51  Probe  
  111  11:55  Pylon, Probe  
  111  11:56  Colossus (Chrono Boost)  
  112  12:02  Probe  
  112  12:04  Probe  
  112  12:07  Probe  
  112  12:08  Dark Templar x2  
  117  12:14  Probe  
  120  12:17  Disruptor  
  120  12:18  Stalker  
  113  12:31  Stalker x4  
  112  12:41  Stalker x2  
  112  12:42  Probe  
  115  12:44  Probe  
  112  12:55  Probe  
  90  13:02  Stalker x4  
  91  13:10  Probe x2  
  90  13:17  Stalker x2  
  90  13:19  Probe  
  89  13:28  Dark Templar  
  89  13:29  Dark Templar  
  89  13:32  Dark Templar  
  87  13:59  Stalker  
  87  14:00  Stalker x3  
  92  14:02  Stalker  
  86  14:14  Stalker  
  71  14:18  Archon  
  71  14:29  Stalker x3  
  77  14:36  Stalker  
  72  14:47  Dark Templar  
  72  14:48  Probe  
Show
View Real Time Build Order
Export as new Build Order

AGOElazer Zerg - Winner!

Build Orders: Hatch First 

Get SALT Encoding   

  12  0:00  Drone  
  13  0:12  Overlord  
  13  0:16  Drone  
  14  0:30  Drone x2  
  16  0:47  Hatchery  
  15  0:50  Drone  
  15  0:54  Drone  
  17  0:58  Drone  
  18  1:07  Extractor  
  17  1:13  Spawning Pool  
  17  1:16  Drone  
  17  1:19  Drone  
  18  1:27  Drone  
  19  1:38  Drone  
  20  1:47  Hatchery  
  20  1:50  Drone  
  20  1:59  Queen  
  22  2:01  Drone  
  22  2:05  Drone  
  24  2:10  Drone  
  24  2:15  Overlord  
  25  2:21  Queen  
  27  2:25  Drone  
  28  2:34  Drone x3  
  31  2:38  Queen  
  33  2:45  Drone  
  33  2:46  Drone  
  35  2:53  Drone, Overlord  
  36  3:00  Queen  
  36  3:03  Zergling x2  
  36  3:04  Zergling x2  
  40  3:07  Drone  
  40  3:10  Metabolic Boost  
  41  3:14  Queen  
  41  3:18  Drone x3  
  46  3:21  Spore Crawler  
  46  3:25  Drone x2  
  47  3:28  Drone x3  
  47  3:31  Overlord  
  50  3:35  Spore Crawler  
  50  3:38  Drone  
  49  3:50  Drone x7  
  49  3:53  Overlord  
  56  3:57  Overlord, Spore Crawler  
  55  4:05  Zergling x4  
  55  4:06  Overlord  
  57  4:11  Zergling x12  
  57  4:14  Queen  
  65  4:22  Zergling x6  
  68  4:26  Overlord  
  68  4:27  Lair  
  68  4:28  Zergling x4  
  70  4:34  Overlord  
  70  4:36  Zergling x8  
  74  4:43  Drone  
  74  4:45  Roach Warren  
  74  4:48  Zergling x10  
  78  4:58  Overlord  
  76  5:01  Drone x6, Overlord  
  82  5:09  Overlord  
  82  5:10  Drone x3  
  85  5:18  Queen, Overlord  
  87  5:21  Extractor  
  87  5:22  Extractor  
  87  5:24  Drone x4  
  87  5:26  Overseer  
  87  5:27  Drone x3  
  92  5:28  Glial Reconstitution  
  92  5:29  Extractor  
  92  5:30  Extractor  
  92  5:31  Overlord  
  92  5:35  Overseer  
  90  5:39  Overlord x2  
  90  5:45  Roach  
  90  5:50  Roach  
  90  5:52  Overlord  
  90  5:56  Roach x2  
  96  5:57  Extractor  
  96  6:01  Overlord  
  96  6:03  Drone x3, Hatchery  
  97  6:05  Drone x5  
  97  6:08  Drone  
  103  6:12  Overlord  
  103  6:15  Ravager  
  104  6:19  Roach  
  104  6:20  Roach  
  104  6:24  Roach x5  
  118  6:28  Overlord  
  118  6:29  Evolution Chamber  
  117  6:35  Roach  
  117  6:36  Roach x2  
  122  6:40  Overlord  
  122  6:45  Drone x4  
  124  6:47  Overlord  
  124  6:49  Overlord  
  124  6:50  Drone  
  124  6:52  Roach x2, Baneling Nest  
  128  6:57  Roach x3  
  134  7:04  Roach x3  
  134  7:07  Pneumatized Carapace  
  138  7:08  Zerg Melee Weapons Level 1  
  138  7:13  Overlord  
  138  7:18  Roach x4  
  146  7:23  Overlord  
  146  7:24  Drone x4  
  146  7:29  Drone x5  
  155  7:31  Drone  
  155  7:33  Overlord  
  155  7:36  Drone x3  
  158  7:39  Centrifical Hooks  
  158  7:42  Unknown  
  157  7:52  Roach x8  
  157  7:56  Roach  
  157  7:57  Roach  
  171  8:05  Overlord  
  171  8:09  Zergling x22  
  172  8:17  Drone x4, Infestation Pit  
  172  8:19  Overlord  
  175  8:21  Roach x4  
  183  8:34  Roach x3  
  183  8:35  Zergling x8  
  193  8:43  Ravager  
  193  8:44  Ravager x5  
  199  8:48  Baneling  
  199  8:49  Baneling x17  
  199  8:50  Zergling x2  
  197  9:03  Baneling  
  197  9:04  Baneling x11  
  197  9:07  Ravager  
  197  9:08  Zergling x12  
  199  9:14  Hatchery  
  164  9:34  Roach x14  
  164  9:36  Roach x3  
  164  9:37  Roach x6  
  183  9:40  Roach  
  183  9:43  Roach x5  
  187  9:46  Roach x2  
  187  9:51  Roach x3  
  178  9:53  Burrow  
  178  9:59  Ravager x6  
  168  10:00  Zergling x2  
  168  10:01  Zergling x6  
  168  10:04  Ravager  
  168  10:07  Zergling x2  
  174  10:10  Zergling x2  
  174  10:11  Ravager, Zergling x10  
  174  10:12  Ravager  
  182  10:15  Zergling x12  
  188  10:21  Zerg Melee Weapons Level 2  
  172  10:29  Zergling x4  
  172  10:30  Zergling x8  
  172  10:34  Zergling x8  
  162  10:40  Roach  
  162  10:41  Roach x2  
  157  10:46  Tunneling Claws  
  157  10:48  Roach x6  
  157  10:49  Roach x5  
  174  11:01  Roach x4  
  176  11:08  Roach x6  
  172  11:14  Roach x7  
  177  11:19  Hive  
  177  11:20  Roach x5  
  184  11:29  Ravager x3  
  184  11:30  Ravager, Zergling x14  
  195  11:35  Zergling x4  
  197  11:45  Drone x3  
  200  11:52  Hatchery  
  199  11:54  Extractor  
  199  11:55  Baneling x21  
  199  11:56  Extractor, Baneling x2  
  199  12:00  Roach x16  
  197  12:14  Zergling x6  
  200  12:18  Roach  
  200  12:19  Roach  
  200  12:20  Roach x2  
  200  12:21  Roach x2  
  200  12:28  Zergling x44  
  187  12:40  Roach x2  
  187  12:41  Roach x5  
  187  12:42  Roach x5  
  186  12:44  Zergling x26  
  186  12:47  Adrenal Glands  
  186  12:48  Zerg Missile Weapons Level 1  
  194  12:56  Roach x3  
  194  12:57  Drone x8  
  171  13:05  Roach x6  
  180  13:07  Overseer  
  180  13:08  Overseer  
  180  13:10  Roach x2, Viper x2  
  177  13:15  Viper  
  175  13:20  Drone x6  
  175  13:26  Drone x5  
  182  13:27  Roach x2  
  180  13:36  Baneling x2  
  180  13:37  Baneling x24  
  180  13:38  Zergling x24  
  190  13:48  Roach x3  
  171  13:55  Roach x4  
  171  13:56  Roach x2  
  171  13:59  Roach  
  171  14:00  Roach x3  
  183  14:03  Roach x3  
  177  14:12  Roach x5  
  177  14:14  Roach  
  161  14:18  Roach  
  161  14:19  Roach  
  158  14:26  Roach x5  
  165  14:35  Roach x4  
  165  14:38  Roach  
  175  14:42  Zergling x6  

Tags
 
Add a new tag
Caveats
  • Supply blocks, unpowered buildings, or Contaminate may cause inaccurate times.
  • Supply counts are checked every 10 seconds.